 Dungeon Crawl Stone Soup version 0.31-a0-559-g03b8d61ab2 (webtiles) character file.

Game seed: 2315712919047478311

6 Morbidden the Conjurer (level 1, -1/13 HPs)
             Began as a Demonspawn Conjurer on Aug 17, 2023.
             Slain by a kobold
             ... wielding a +0 short sword
              (3 damage)
             ... on level 1 of the Dungeon.
             The game lasted 00:00:33 (126 turns).

Morbidden the Conjurer (Demonspawn Conjurer)         Turns: 126, Time: 00:00:34

Health: -1/13      AC:  2    Str:  7    XL:     1   Next: 75%
Magic:  1/3        EV: 12    Int: 19    God:
Gold:   15         SH:  0    Dex: 11    Spells: 3/4 levels left

rFire   . . .        (no weapon)
rCold   . . .        (no shield)
rNeg    . . .        a - +0 robe
rPois   .            (no helmet)
rElec   .            (no cloak)
rCorr   .            (no gloves)
SInv    .            (no boots)
Will    .....        (no amulet)
Stlth   ++           (no ring)
HPRegen 0.22/turn    (no ring)
MPRegen 0.08/turn

%: no passive effects
@: very slightly contaminated
A: no striking features
a: no special abilities


You were on level 1 of the Dungeon.
You visited 1 branch of the dungeon, and saw 1 of its levels.

You collected 15 gold pieces.

Inventory:

Armour
 a - a +0 robe (worn)
Scrolls
 c - a scroll of teleportation {unknown}


   Skills:
 * Level 1.9 Dodging
 + Level 1.7 Stealth
 * Level 2.1 Spellcasting
 * Level 4.2 Conjurations


You had 3 spell levels left.
You knew the following spells:

 Your Spells              Type           Power      Damage    Failure   Level
a - Magic Dart            Conj           68%        1d6       3%          1

Your spell library contained the following spells:

 Spells                   Type           Power      Damage    Failure   Level
 Searing Ray              Conj           34%        2d5       4%          2
 Dazzling Flash           Conj/Hex       18%        N/A       22%         3
 Fulminant Prism          Conj/Hex       4%         3d5       56%         4
 Iskenderun's Mystic Bla  Conj/Tloc      9%         2d4       56%         4


Dungeon Overview and Level Annotations

Branches:
Dungeon (1/15)

Altars:

Shops:
D:1 (:


Message History

The magic dart hits the quokka but does no damage.
The quokka is moderately wounded.
The quokka misses you.
Unknown command.
Casting: Magic Dart (safe; 3% risk of failure)
Confirm with . or Enter, or press ? or * to list all spells.
Aiming: Magic Dart (safe; 3% risk of failure)
Press: ? - help, Shift-Dir - straight line, f/p - quokka
Aim: a quokka (moderately wounded, 100% to hit)
The magic dart hits the quokka.
You kill the quokka!
Unknown command.
Unknown command.
You barely miss the kobold.
The kobold hits you with a +0 short sword.
* * * LOW HITPOINT WARNING * * *
Unknown command.
Unknown command.
Magic courses through your body.
The kobold hits you with a +0 short sword.
* * * LOW HITPOINT WARNING * * *
Unknown command.
Casting: Magic Dart (safe; 3% risk of failure)
Confirm with . or Enter, or press ? or * to list all spells.
Aiming: Magic Dart (safe; 3% risk of failure)
Press: ? - help, Shift-Dir - straight line, f - kobold
Aim: a kobold, wielding a +0 short sword and quivering stones (100% to hit)
The magic dart hits the kobold.
The kobold is moderately wounded.
The kobold hits you but does no damage.
Unknown command.
Casting: Magic Dart (safe; 3% risk of failure)
Confirm with . or Enter, or press ? or * to list all spells.
Aiming: Magic Dart (safe; 3% risk of failure)
Press: ? - help, Shift-Dir - straight line, f/p - kobold
Aim: a kobold, wielding a +0 short sword and quivering stones (moderately wounded, 100% to hit)
The magic dart hits the kobold.
The kobold is severely wounded.
The kobold hits you with a +0 short sword.
You die...

. .....####....#
##....................#
#..≈§§§...##...≈≈≈≈...#
#.≈≈≈≈≈§......≈≈≈≈≈≈..#
..≈≈≈≈≈≈......≈≈<>≈≈..#
..§≈≈≈≈§......≈.≈≈≈≈..#
#..≈§≈≈..####..≈≈≈≈...##
#......# ##..........
#@# #.........# #K##
##..###.####
#..####.......#
##.........####
#.#(.....## #...####.#
##..# #.#
###########.#####.####
.....)................


You could see a kobold.

Vanquished Creatures
  3 quokkas (D:1)
  A bat (D:1)
  A frilled lizard (D:1)
  A rat (D:1)
6 creatures vanquished.

Notes
Turn   | Place    | Note
-------+----------+-------------------------------------------
     0 | D:1      | Morbidden the Demonspawn Conjurer began the quest for the
                  | Orb.
     0 | D:1      | Reached XP level 1. HP: 13/13 MP: 3/3
    13 | D:1      | Found Kutwun's Book Shoppe.
    81 | D:1      | Found Coraeth's Antique Weapon Shoppe.
   126 | D:1      | Slain by a kobold

Illustrated notes

Levels and vault maps discovered:
D:1:      dpeg_arrival_pits, layout_basic, serial_shops, shop,
          nicolae_shop_tiny_statue_garden, shop

Action                     || total
---------------------------++-------
  Melee: Unarmed           ||    31
         Punch             ||     2
   Cast: Magic Dart        ||    11
    Use: Potion            ||     1
 Armour: Robe              ||    16
  Dodge: Dodged            ||    44

Table legend: (Time is in decaauts)
 A = Elapsed time spent in this place.
 B = Non-inter-level travel time spent in this place.
 C = Inter-level travel time spent in this place.
 D = Time resting spent in this place.
 E = Time spent auto-exploring this place.
 F = Levels seen in this place.
 G = Mean time per level.
                   A        B        C        D        E       F      G
               +--------+--------+--------+--------+--------+-----+--------+
         Total |    126 |    126 |      0 |      0 |     58 |   1 |  126.0 |
       Dungeon |    126 |    126 |      0 |      0 |     58 |   1 |  126.0 |
               +--------+--------+--------+--------+--------+-----+--------+

Top non-repeatable levels by time:
     D:1: 126 daAuts
